 Dungeon Crawl Stone Soup version 0.17.0-27-g4a3f43e (webtiles) character file.

93 septik the Skirmisher (level 4, -1/29 HPs)
             Began as a Gargoyle Fighter on Nov 21, 2015.
             Killed by nerve-wracking pain
             ... invoked by Grinder
              (13 damage)
             ... on level 3 of the Dungeon.
             The game lasted 00:06:04 (2268 turns).

septik the Skirmisher (Gargoyle Fighter)            Turns: 2268, Time: 00:06:04

Health: -1/29      AC: 10    Str: 21    XL:     4   Next: 61%
Magic:  4/4        EV:  7    Int:  8    God:
Gold:   161        SH:  9    Dex:  9    Spells: 0 memorised, 3 levels left

rFire  . . .     SeeInvis .     y - +1 flail (crush)
rCold  . . .     Clarity  .     b - +0 scale mail
rNeg   + . .     SustAt   .     c - +0 shield
rPois  ∞         Gourm    .     (no helmet)
rElec  +         Spirit   .     (no cloak)
rCorr  +         Warding  .     (no gloves)
rMut   .         Stasis   .     (no boots)
MR     .....                    x - amulet of resist corrosion
Stlth  ..........               (no ring)
                                (no ring)

@: not resistant to hostile enchantments, extremely unstealthy
A: negative energy resistance 1, electricity resistance, unbreathing,
petrification resistance, rot immunity, AC +3
a: no special abilities


You were on level 3 of the Dungeon.
You were not hungry.

You visited 1 branch of the dungeon, and saw 3 of its levels.

You collected 161 gold pieces.

Inventory:

Hand Weapons
 a - a +0 flail
 y - a +1 flail of crushing (weapon)
Missiles
 f - 13 poisoned needles
 g - 60 stones (quivered)
Armour
 b - a +0 scale mail (worn)
 c - a +0 shield (worn)
Jewellery
 x - an amulet of resist corrosion (around neck)
Scrolls
 h - a scroll of noise {unknown}
 i - 2 scrolls of remove curse {unknown}
 j - a scroll of teleportation {unknown}
 o - a scroll of identify {unknown}
 r - a scroll of immolation {unknown}
 s - 2 scrolls of recharging {unknown}
 t - 2 scrolls of fog {unknown}
 u - a scroll of enchant weapon {unknown}
 v - a scroll of amnesia {unknown}
Potions
 d - 2 potions of might
 l - a potion of curing {unknown}
 n - a potion of haste {unknown}
Comestibles
 e - a bread ration
 k - 4 chunks of flesh
 m - 3 fruits
 p - a beef jerky
 q - a slice of pizza
 w - a meat ration


   Skills:
 + Level 3.8 Fighting
 * Level 3.3 Maces & Flails
 + Level 3.8 Armour
 + Level 1.2 Dodging
 - Level 3.2 Shields


You had 3 spell levels left.
You didn't know any spells.

Dungeon Overview and Level Annotations

Branches:
Dungeon (3/15)

Altars:
Elyvilon
Xom

Annotations:
D:3 Grinder


Innate Abilities, Weirdness & Mutations

You are resistant to torment.
Your stone body is resilient (AC +3).
You are immune to poison.
You resist negative energy.
You are resistant to electric shocks.
You can survive without breathing.
You are immune to petrification.
You are immune to rotting.


Message History

Grinder gestures.
Grinder blinks!
Grinder hits you.
Grinder gestures.
Grinder blinks!
Grinder says, "There's only one good use for a tongue: cutting it out."
You can move again.
Unknown command.
Grinder hits you but does no damage.
Unknown command.
Unknown command.
Grinder gestures at you. Pain shoots through your body!
Unknown command.
Unknown command.
Unknown command.
Unknown command.
Grinder gestures at you. Pain shoots through your body!
You die...

######.#..........#.
#......'..........#.
#......#..........##
#..#..............#
#....#............#
#..#5......########
###..#.......#
#........#...# ###
###+.@.......# ...
#..####...##.# ###
#.<...)......#
#.#.####..#### ###.#
#..# ... ..# ..###
### #.. +..


You could see Grinder.

Vanquished Creatures
  4 adders
  2 worms (D:2)
  2 orcs (D:3)
  A ball python (D:1)
  7 bats
  A giant cockroach (D:1)
  5 goblins
  9 hobgoblins
  A quokka (D:3)
  2 giant geckos
  2 giant newts (D:1)
  8 kobolds
  5 rats
49 creatures vanquished.

Vanquished Creatures (others)
  A hobgoblin (D:2)
1 creature vanquished.

Grand Total: 50 creatures vanquished

Notes
Turn   | Place    | Note
--------------------------------------------------------------
     0 | D:1      | septik the Gargoyle Fighter began the quest for the Orb.
     0 | D:1      | Reached XP level 1. HP: 14/14 MP: 1/1
   291 | D:1      | Reached XP level 2. HP: 17/19 MP: 2/2
  1075 | D:2      | Found a white marble altar of Elyvilon.
  1089 | D:2      | Reached XP level 3. HP: 21/23 MP: 3/3
  1195 | D:2      | Reached skill level 1 in Dodging
  1350 | D:2      | Found a shimmering altar of Xom.
  1565 | D:2      | Reached XP level 4. HP: 28/28 MP: 4/4
  2212 | D:3      | Noticed Grinder
  2231 | D:3      | Paralysed by Grinder for 7 turns
  2243 | D:3      | Paralysed by Grinder for 2 turns
  2252 | D:3      | Paralysed by Grinder for 7 turns
  2268 | D:3      | Killed from afar by Grinder

Action                   |  1- 3 |  4- 6 || total
-------------------------+-------+-------++-------
Melee: Flail             |   185 |    71 ||   256
  Eat: Chunk             |     3 |     2 ||     5
